 Dungeon Crawl Stone Soup version 0.25-a0-277-g7046ed1 (webtiles) character file.

Game seed: 15806043196998631633, levelgen mode: deterministic

320800 GodTekkless the Hoplite (level 21, -4/91 HPs)
             Began as a Gargoyle Fighter on Dec 8, 2019.
             Was a High Priest of the Shining One.
             Killed from afar by a wretched star (20 damage)
             ... with a lance of force
             ... on level 2 of the Abyss on Dec 9, 2019.
             The game lasted 02:49:00 (45535 turns).

GodTekkless the Hoplite (Gargoyle Fighter)         Turns: 45535, Time: 02:49:01

Health: -4/91      AC: 52    Str: 28 (29) XL:     21   Next: 51%
Magic:  22/22      EV: 10    Int:  2 (7)  God:    the Shining One [*****.]
Gold:   1040       SH:  0    Dex:  6      Spells: 30/30 levels left

rFire    + . .     SeeInvis +   Z - +11 rapier of the Tent {flame, Str+2}
rCold    . . .     Gourm    .   K - +4 large shield
rNeg     + + +     Faith    .   x - +10 plate armour {rF+}
rPois    ∞         Spirit   .   r - +2 helmet {SInv}
rElec    +         Reflect  +   n - +2 cloak
rCorr    .         Harm     .   B - +0 pair of gloves
MR       +....     Rnd*Rage +   L - +0 pair of boots {Fly} Stlth ..........Rnd*Tele +
                                X - +6 amulet of reflection
HPRegen  0.00/turn              V - +4 ring of strength
MPRegen  0.18/turn              D - ring of Zopitaf {AC+4 Slay+3}

@: confused, berserk cooldown, flying, slowed, glowing, very slow
A: big wings, talons 1, [berserk 3], blurry vision 1[+2], clumsy 2, [deformed
body], deterioration 2, dopey 1[+1], frail 1[+2], [low mp 2], negative energy
resistance 1, regeneration 1, screaming 1[+2], electricity resistance,
[inhibited regeneration], teleportitis 1[+2], weak 1[+1], wild magic 1,
unbreathing, petrification resistance, [no potion heal 2], rot immunity, AC +16
}: 2/15 runes: serpentine, barnacled
a: Stop Flying, Divine Shield, Cleansing Flame, Summon Divine Warrior, Renounce
Religion


You were on level 2 of the Abyss.
You worshipped the Shining One.
The Shining One was extremely pleased with you.
You were near starving.

You visited 8 branches of the dungeon, and saw 37 of its levels.
You visited the Abyss 6 times.

You collected 4753 gold pieces.
You spent 3713 gold pieces at shops.

Inventory:

Hand Weapons
 a - a +5 double sword of flaming
 m - a +3 long sword of holy wrath
 z - a +2 scimitar of flaming
 H - a +4 demon blade of electrocution
 M - a +0 demon blade of draining
 Z - the +11 rapier of the Tent (weapon) {flame, Str+2}
   (You found it on level 1 of the Shoals)

   It has been specially enchanted to burn those struck by it, causing extra
   injury to most foes and up to half again as much damage against particularly
   susceptible opponents.
   It affects your strength (+2).
Armour
 b - the +3 plate armour "Omniaguch" {rElec Int-5 Dex+4}
   (You bought it in a shop on level 1 of the Shoals)

   It affects your intelligence (-5).
   It affects your dexterity (+4).
   It insulates you from electricity.
 l - quicksilver dragon scales
 n - a +2 cloak (worn)
 r - a +2 helmet of see invisible (worn)
 x - a +10 plate armour of fire resistance (worn)
 B - a +0 pair of gloves (worn)
 K - a +4 large shield (worn)
 L - a +0 pair of boots of flying (worn)
Jewellery
 q - the ring of Lealaqok {rElec rF+ MR+ rCorr}
   (You took it off a deep elf blademaster on level 3 of the Elven Halls)

   [ring of resist corrosion]

   It protects you from fire.
   It insulates you from electricity.
   It affects your resistance to hostile enchantments.
   It provides partial protection from all sources of acid and corrosion.
 s - an uncursed ring of magical power
 w - the ring of Ejabbied {*Tele SInv}
   (You took it off a deep elf knight on level 3 of the Elven Halls)

   [ring of teleportation]

   It may teleport you next to monsters.
   It lets you see invisible.
 D - the ring of Zopitaf (right hand) {AC+4 Slay+3}
   (You bought it in a shop on level 1 of the Elven Halls)

   [ring of protection]

   It affects your AC (+4).
   It affects your accuracy and damage with ranged weapons and melee attacks
   (+3).
 J - an uncursed amulet of guardian spirit
 O - the ring "Hogilitua" {rF+ AC+4 Int+3}
   (You took it off a deep elf archer on level 3 of the Elven Halls)

   [ring of protection]

   It affects your AC (+4).
   It affects your intelligence (+3).
   It protects you from fire.
 V - a +4 ring of strength (left hand)
 X - a +6 amulet of reflection (around neck)
Wands
 k - a wand of scattershot (5)
 y - a wand of polymorph (37)
 A - a wand of clouds (14)
 E - a wand of paralysis (26)
 F - a wand of digging (2)
 S - a wand of flame (48)
 T - a wand of random effects (56)
 U - a wand of iceblast (14)
 Y - a wand of enslavement (17)
Scrolls
 e - 2 scrolls of teleportation
 i - 3 scrolls of blinking
 j - a scroll of fear
 o - 5 scrolls of amnesia
 t - 7 scrolls of fog
 u - 12 scrolls of identify
 v - 17 scrolls of remove curse
 C - a scroll of random uselessness
 G - 2 scrolls of holy word
 N - 2 scrolls of silence {unknown}
 P - 5 scrolls of magic mapping
 W - a scroll of enchant armour
Potions
 c - a potion of cancellation
 h - 2 potions of ambrosia
 p - 15 potions of curing
 I - 3 potions of brilliance
 Q - a potion of magic
Miscellaneous
 d - a crystal ball of energy
Comestibles
 f - 36 rations


   Skills:
 + Level 13.8 Fighting
 - Level 11.6(14.0) Short Blades
 - Level 13.1(14.6) Long Blades
 + Level 14.2 Armour
 * Level 10.6 Dodging
 * Level 24.2 Shields
 * Level 5.1 Spellcasting
 * Level 4.8 Invocations
 + Level 3.0 Evocations


You had 30 spell levels left.
You didn't know any spells.
Your spell library contained the following spells:

 Spells                   Type           Power        Failure   Level  Hunger
 Animate Skeleton         Necr           N/A          97%         1    ##.....
 Apportation              Tloc           #.....       97%         1    ##.....
 Beastly Appendage        Tmut           #.....       97%         1    ##.....
 Confusing Touch          Hex            #.....       97%         1    ##.....
 Corona                   Hex            #......      97%         1    ##.....
 Foxfire                  Conj/Fire      #...         97%         1    ##.....
 Freeze                   Ice            #...         97%         1    ##.....
 Magic Dart               Conj           #...         97%         1    ##.....
 Shock                    Conj/Air       #...         97%         1    ##.....
 Summon Small Mammal      Summ           #...         97%         1    ##.....
 Corpse Rot               Necr/Air       N/A          99%         2    ###....
 Ensorcelled Hibernation  Hex/Ice        #.....       99%         2    ###....
 Passwall                 Tmut/Erth      #.......     99%         2    ###....
 Searing Ray              Conj           #.....       99%         2    ###....
 Shroud of Golubria       Chrm/Tloc      #.....       99%         2    ###....
 Slow                     Hex            #.......     99%         2    ###....
 Sticks to Snakes         Tmut           #.......     99%         2    ###....
 Swiftness                Chrm/Air       #.......     99%         2    ###....
 Confuse                  Hex            #.......     100%        3    ####...
 Dazzling Flash           Conj/Hex       #.....       100%        3    ####...
 Gell's Gravitas          Tloc           #.........   100%        3    ####...
 Inner Flame              Hex/Fire       #.......     100%        3    ####...
 Ozocubu's Armour         Chrm/Ice       #.......     100%        3    ####...
 Portal Projectile        Hex/Tloc       #.....       100%        3    ####...
 Spider Form              Tmut/Pois      #.........   100%        3    ####...
 Static Discharge         Conj/Air       #.......     100%        3    ####...
 Tukima's Dance           Hex            #.......     100%        3    ####...
 Airstrike                Air            #.........   100%        4    #####..
 Cause Fear               Hex            #.........   100%        4    #####..
 Fulminant Prism          Conj/Hex       #.........   100%        4    #####..
 Hailstorm                Conj/Ice       #.......     100%        4    #####..
 Ice Form                 Ice/Tmut       #.......     100%        4    #####..
 Iskenderun's Mystic Bla  Conj/Tloc      #.......     100%        4    #####..
 Leda's Liquefaction      Hex/Erth       #.........   100%        4    #####..
 Passage of Golubria      Tloc           N/A          100%        4    #####..
 Petrify                  Tmut/Erth      #.......     100%        4    #####..
 Summon Ice Beast         Ice/Summ       #.......     100%        4    #####..
 Agony                    Necr           #.......     100%        5    ######.
 Blade Hands              Tmut           #.........   100%        5    ######.
 Dispel Undead            Necr           #.......     100%        5    ######.
 Excruciating Wounds      Chrm/Necr      #.........   100%        5    ######.
 Lee's Rapid Deconstruct  Erth           #.........   100%        5    ######.
 Lightning Bolt           Conj/Air       #.........   100%        5    ######.
 Metabolic Englaciation   Hex/Ice        #.........   100%        5    ######.
 Yara's Violent Unravell  Hex/Tmut       #.........   100%        5    ######.
 Darkness                 Hex            #.........   100%        6    #######
 Dispersal                Tloc           #.........   100%        6    #######
 Freezing Cloud           Conj/Ice/Air   #.........   100%        6    #######
 Invisibility             Hex            #.......     100%        6    #######
 Ozocubu's Refrigeration  Ice            #.........   100%        6    #######
 Simulacrum               Ice/Necr       #.........   100%        6    #######
 Dragon Form              Tmut           #.........   100%        7    #######
 Controlled Blink         Tloc           N/A          100%        8    #######
 Disjunction              Tloc           #.........   100%        8    #######
 Ignition                 Fire           #.........   100%        8    #######
 Dragon's Call            Summ           #.........   100%        9    #######
 Shatter                  Erth           #.........   100%        9    #######
 Tornado                  Air            #.........   100%        9    #######
 Sublimation of Blood     Necr           Unusable     N/A         2    N/A

Dungeon Overview and Level Annotations

Branches:
Dungeon (15/15)            Temple (1/1) D:7            Lair (6/6) D:9
 Shoals (4/4) Lair:3        Snake (4/4) Lair:4        Slime (2/5) Lair:5
    Orc (2/2) D:9             Elf (3/3) Orc:2        Vaults (0/5) D:14
 Depths (0/5) D:15

Altars:
Ashenzari
Cheibriados
Dithmenos
Elyvilon
Fedhas
Gozag
Hepliaklqana
Kikubaaqudgha
Makhleb
Nemelex Xobeh
Okawaru
Qazlal
Ru
Sif Muna
Trog
Uskayaw
Vehumet
Wu Jian
Xom
Yredelemnul
Zin
The Shining One
Jiyva

Shops:
D:10 ?   D:14 *%:   Orc:2 *:[}   Elf:1 =}=[   Elf:2 =   Elf:3 (=:   Shoals:1 [

Annotations:
D:14 Roxanne
Lair:1 exclusion: 2 oklob plants
Snake:2 2 runed translucent doors, Qitosk's ghost, adept NaVM
Elf:1 6 runed translucent doors


Innate Abilities, Weirdness & Mutations

You are resistant to torment.
Your stone body is resilient. (AC +16)
You are immune to poison.
Your large and strong wings let you fly indefinitely.
You resist negative energy. (rN+)
You are resistant to electric shocks. (rElec)
You can survive without breathing.
You are immune to petrification.
You are immune to rotting.
You have sharp toenails.
You are very clumsy. (Dex -4)
Your body often deteriorates upon taking damage.
Your natural rate of healing is unusually fast.
Your spells are a little harder to cast, but a little more powerful.
[You have an uncontrollable temper.]
[Scrolls take you much longer to read.]
[Armour fits poorly on your strangely shaped body.]
[You are very dopey. (Int -4)]
[You are extremely frail. (-30% HP)]
[Your magical capacity is very low. (-20% MP)]
[You frequently scream uncontrollably at your foes.]
[You do not regenerate when monsters are visible.]
[You are often teleported next to monsters.]
[You are very weak. (Str -4)]
[Potions are poor at restoring your health.]


Message History

You easily resist.
You hit the wretched star. You burn the wretched star.
The wretched star is moderately damaged.
The golden eye blinks at you.
You are more confused.
The golden eye blinks at you.
You easily resist.
The wretched star glows turbulently.
The lance of force hits you!
* * * LOW HITPOINT WARNING * * *
You are knocked back by the lance of force.
You collide with the golden eye!
The golden eye turns its gaze towards you.
The golden eye blinks at you. You resist with some effort.
The golden eye blinks!
The golden eye blinks at you.
You easily resist.
The wretched star glows turbulently.
The lance of force hits you!!
You die...

. . #...###. ...#
....#..... . . . ..
............ .. .# . #.
. . ..... ..# ##...#
#... #...# ..# ##. # #
.## ##.## #.## ..
##...###...###...## . .
# ....#...G.#.....#
..............@.§..G....
....# ....#..G*.#.....#
##. ###...###...## ## #
##.# ##.## #.## ... #...
#...# ..# #.... #.....
..# ..... ........ .. .
.. ..#.....#. .###..


You could see a wretched star and 3 golden eyes.

Vanquished Creatures
  Vashnia (Snake:3)
  2 bone dragons (Abyss:2)
  Nikola (Snake:4)
  A tentacled monstrosity (Abyss:2)
  Asterion (Lair:4)
  A lich (Abyss:3)
  2 titans
  4 deep elf blademasters
  3 deep elf master archers
  5 tentacled starspawn
  Kirke (Snake:4)
  Polyphemus (Shoals:2)
  Agnes (D:14)
  2 krakens
  4 nagarajas
  10 fire giants
  8 frost giants
  Louise (D:15)
  Aizul (Shoals:2)
  7 deep elf sorcerers
  3 orc warlords
  3 deep elf elementalists (Elf:3)
  2 very ugly things (Abyss:2)
  3 stone giants
  2 slime creatures (D:15)
  A lorocyproca (Abyss:3)
  7 deep elf demonologists
  2 deep elf annihilators (Elf:3)
  4 minotaurs
  A black draconian (Abyss:2)
  A red draconian (Elf:1)
  A white draconian (Elf:2)
  A yellow draconian (Elf:2)
  6 merfolk javelineers
  4 deep elf death magi (Elf:3)
  A fire dragon (Lair:6)
  A great orb of eyes (Abyss:3)
  Harold (D:10)
  5 deep elf high priests
  7 merfolk impalers
  15 naga warriors
  10 hydras
  A rakshasa (Abyss:4)
  4 merfolk aquamancers
  6 merfolk avatars
  2 satyrs
  3 centaur warriors
  A catoblepas (Shoals:2)
  12 anacondas
  2 ogre magi
  4 death yaks (Shoals:2)
  12 two-headed ogres
  25 dancing weapons
  4 tengu warriors
  2 shock serpents
  2 thrashing horrors (Abyss:2)
  Urug (Lair:5)
  22 naga sharpshooters
  A titan skeleton (Abyss:3)
  18 deep elf knights
  6 salamander mystics
  3 skeletal warriors (D:15)
  4 wretched stars
  A sixfirhy (Abyss:2)
  3 unseen horrors
  A death drake (Abyss:2)
  A glowing orange brain (D:15)
  9 naga ritualists
  A wizard (Abyss:2)
  2 deep trolls
  3 lindwurms
  A necromancer (Abyss:2)
  14 sea snakes
  Pikel (D:7)
  26 harpies
  14 deep elf archers
  55 deep elf magi
  4 orc knights
  3 orc sorcerers
  7 mana vipers
  14 cyclopes
  16 manticores
  4 fauns
  8 ugly things
  2 worldbinders (Abyss:2)
  8 salamanders
  Joseph (D:10)
  3 elephants (Lair:3)
  10 merfolk sirens
  6 guardian serpents
  2 smoke demons
  2 gargoyles
  3 water nymphs
  16 naga magi
  44 black mambas
  A black mamba (shapeshifter) (D:15)
  Psyche (D:10)
  An apocalypse crab (Abyss:2)
  6 torpor snails
  9 spiny frogs
  2 orange demons (Abyss:2)
  3 kobold demonologists
  An efreet (D:10)
  A hellion (Abyss:2)
  5 centaur skeletons
  A yaktaur (D:10)
  A freezing wraith (Abyss:2)
  3 rime drakes
  2 demonic crawlers
  9 komodo dragons
  A hellwing (Abyss:2)
  7 ancient zymes
  34 merfolk
  A tengu conjurer (D:13)
  A polar bear (Lair:3)
  20 trolls
  A queen bee (shapeshifter) (D:15)
  A troll (shapeshifter) (Elf:2)
  4 wind drakes
  A wolf spider simulacrum (D:15)
  3 tyrant leeches (Lair:6)
  Grinder (D:3)
  8 hornets
  7 raiju
  26 blink frogs
  A fire giant simulacrum (Abyss:2)
  A meliai zombie (D:15)
  7 snapping turtles
  11 dream sheep
  A dream sheep (shapeshifter) (D:15)
  10 hippogriffs
  A spriggan (D:7)
  5 ynoxinuls
  2 shadows
  6 air elementals
  A wraith (D:14)
  53 yaks
  13 water elementals
  A wyvern (Lair:1)
  3 fire elementals
  5 hungry ghosts
  A hog (Snake:4)
  2 basilisks
  4 neqoxecs
  5 vampire mosquitoes
  3 chaos spawn
  4 wargs
  60 nagas
  A soldier ant (D:10)
  4 insubstantial wisps (Abyss:2)
  An acid dragon (D:13)
  13 porcupines
  14 water moccasins
  16 large abominations
  8 sky beasts
  6 ice beasts
  23 orc warriors
  2 phantoms
  An eye of draining (shapeshifter) (Elf:3)
  A black bear (shapeshifter) (D:15)
  26 ogres
  2 necrophages
  3 slaves (D:7)
  27 wolves
  24 centaurs
  20 crocodiles
  18 big kobolds
  A gnoll sergeant (D:13)
  24 bullfrogs
  4 earth elementals
  17 small abominations
  2 wyvern skeletons
  5 scorpions
  6 killer bees (D:7)
  3 vampire bats
  8 wights
  4 howler monkeys
  9 crimson imps
  A bullfrog zombie (D:7)
  6 centaur zombies
  8 starcursed masses
  10 hounds
  5 quasits
  10 orc priests
  A jelly (D:11)
  A bullfrog skeleton (D:10)
  6 iguanas
  An iron imp (Abyss:2)
  Jessica (D:3)
  20 orc wizards
  8 worker ants
  A killer bee zombie (D:8)
  A hound zombie (D:7)
  4 hound skeletons
  13 gnolls
  A howler monkey skeleton (D:5)
  15 adders
  4 shadow imps
  A white imp (Abyss:2)
  4 ufetubi
  4 oozes
  An adder skeleton (D:7)
  2 worms (D:3)
  A dart slug (D:3)
  5 fire bats
  9 leopard geckos
  70 orcs
  2 spectral bats (D:4)
  3 bat skeletons (D:4)
  A bat zombie (D:4)
  8 giant cockroaches
  4 goblins (D:1)
  4 hobgoblins
  8 jackals
  25 kobolds
  5 quokkas
  A ball python (D:7)
  20 bats
  A bat simulacrum (D:4)
  3 frilled lizards
  9 rats
  A spectral orc (D:6)
  A crawling corpse (Elf:3)
  A lurking horror (Abyss:2)
  6 plants
  2 starspawn tentacles (Abyss:2)
1532 creatures vanquished.

Vanquished Creatures (others)
  3 deep elf master archers (Elf:3)
  A stone giant (Abyss:2)
  A deep elf demonologist (Elf:3)
  A deep elf annihilator (Elf:3)
  A rakshasa (Abyss:2)
  A centaur warrior (Elf:2)
  3 deep elf archers
  A deep elf mage (Elf:1)
  A naga mage (Snake:4)
  A large abomination (Abyss:2)
  A merfolk (Shoals:4)
  3 humans (Snake:4)
  2 nagas (Snake:4)
  A small abomination (Abyss:2)
  A slave (D:7)
  An orc warrior (Elf:3)
  3 centaurs (Elf:2)
  2 orc priests
  A jelly (D:15)
  2 orc wizards (Elf:1)
  A worker ant (D:7)
  10 orcs
  2 crawling corpses (Elf:3)
  10 fungi
  A lurking horror (Abyss:2)
  15 plants
  36 starspawn tentacles
  21 tentacles
127 creatures vanquished.

Grand Total: 1659 creatures vanquished

Notes
Turn   | Place    | Note
-------+----------+-------------------------------------------
     0 | D:1      | GodTekkless the Gargoyle Fighter began the quest for the
                  | Orb.
     0 | D:1      | Reached XP level 1. HP: 14/14 MP: 1/1
    61 | D:1      | Reached XP level 2. HP: 16/19 MP: 2/2
   479 | D:1      | Reached XP level 3. HP: 23/23 MP: 3/3
  1209 | D:2      | Reached skill level 4 in Shields
  1209 | D:2      | Reached XP level 4. HP: 25/28 MP: 4/4
  1716 | D:3      | Noticed Jessica
  1729 | D:3      | Killed Jessica
  1911 | D:3      | Found an ornate altar of the Wu Jian Council.
  1947 | D:3      | Reached XP level 5. HP: 18/33 MP: 5/5
  1955 | D:3      | Reached skill level 1 in Short Blades
  1988 | D:3      | Noticed Grinder
  2153 | D:3      | Killed Grinder
  2153 | D:3      | Reached skill level 1 in Dodging
  2153 | D:3      | Reached skill level 5 in Shields
  2153 | D:3      | Reached XP level 6. HP: 25/38 MP: 6/6
  2379 | D:4      | Reached XP level 7. HP: 35/42 MP: 7/7
  3195 | D:4      | Found a glowing silver altar of Zin.
  3279 | D:4      | Reached skill level 6 in Shields
  3320 | D:4      | Reached XP level 8. HP: 40/48 MP: 8/8
  3400 | D:5      | Entered Level 5 of the Dungeon
  3621 | D:5      | Reached skill level 5 in Short Blades
  4352 | D:5      | Found a shadowy altar of Dithmenos.
  4446 | D:5      | Reached skill level 5 in Armour
  4446 | D:5      | Reached skill level 7 in Shields
  4598 | D:6      | Found a basalt altar of Yredelemnul.
  4760 | D:6      | Found a radiant altar of Vehumet.
  4809 | D:6      | You fall into a shaft and drop 3 floors!
  4877 | D:7      | Reached XP level 9. HP: 53/53 MP: 9/9
  5128 | D:6      | Reached skill level 5 in Fighting
  5847 | D:7      | Reached skill level 8 in Shields
  6082 | D:7      | Found a snail-covered altar of Cheibriados.
  6118 | D:7      | Noticed Pikel
  6200 | D:7      | Killed Pikel
  6200 | D:7      | Reached skill level 9 in Shields
  6200 | D:7      | Reached XP level 10. HP: 54/59 MP: 10/10
  6309 | D:7      | Found a staircase to the Ecumenical Temple.
  6448 | Temple   | Entered the Ecumenical Temple
  6455 | Temple   | Became a worshipper of Warmaster Okawaru
  7103 | D:8      | Found a blossoming altar of Fedhas.
  7456 | D:8      | Reached * piety under Okawaru
  7532 | D:8      | Reached skill level 10 in Shields
  7550 | D:8      | Found a sacrificial altar of Ru.
  8430 | D:9      | Reached ** piety under Okawaru
  8449 | D:9      | Found a staircase to the Lair.
  9322 | D:9      | Gained mutation: You have sharp toenails. [potion of
                  | mutation]
  9322 | D:9      | Gained mutation: Your natural rate of healing is unusually
                  | fast. [potion of mutation]
  9501 | D:9      | Found a staircase to the Orcish Mines.
  9663 | D:9      | Noticed a two-headed ogre
  9668 | D:9      | Killed a two-headed ogre
  9668 | D:9      | Reached *** piety under Okawaru
  9668 | D:9      | Reached skill level 11 in Shields
  9668 | D:9      | Reached XP level 11. HP: 64/64 MP: 11/11
  9709 | D:9      | Found a shimmering blue altar of Sif Muna.
 10012 | Lair:1   | Entered Level 1 of the Lair of Beasts
 10840 | Lair:1   | Noticed an oklob plant
 10840 | Lair:1   | Noticed an oklob plant
 10921 | Lair:1   | Reached **** piety under Okawaru
 10921 | Lair:1   | Reached skill level 1 in Evocations
 11173 | Lair:1   | Received a gift from Okawaru
 11226 | Lair:1   | Reached skill level 12 in Shields
 12123 | Lair:3   | Reached ***** piety under Okawaru
 12151 | Lair:3   | Reached skill level 13 in Shields
 12210 | Lair:3   | Reached XP level 12. HP: 69/72 MP: 9/12
 12420 | Lair:3   | Found a staircase to the Shoals.
 12649 | Lair:3   | Received a gift from Okawaru
 12834 | Lair:3   | Noticed an eight-headed hydra
 12876 | Lair:3   | Killed an eight-headed hydra
 12876 | Lair:3   | Reached skill level 14 in Shields
 13669 | Lair:4   | Noticed a five-headed hydra
 13674 | Lair:4   | Killed a five-headed hydra
 13720 | Lair:4   | Noticed a five-headed hydra
 13727 | Lair:4   | Killed a five-headed hydra
 13728 | Lair:4   | Noticed a four-headed hydra
 13744 | Lair:4   | Killed a four-headed hydra
 13744 | Lair:4   | Reached ****** piety under Okawaru
 13744 | Lair:4   | Reached skill level 15 in Shields
 13888 | Lair:4   | Received a gift from Okawaru
 13888 | Lair:4   | Reached skill level 10 in Armour
 13888 | Lair:4   | Reached XP level 13. HP: 78/78 MP: 14/14
 14365 | Lair:4   | Found a staircase to the Snake Pit.
 15325 | Lair:5   | Found a viscous altar of Jiyva.
 15325 | Lair:5   | Found a staircase to the Slime Pits.
 15776 | Lair:5   | Noticed Urug
 15786 | Lair:5   | Killed Urug
 16462 | Orc:1    | Entered Level 1 of the Orcish Mines
 17124 | Orc:2    | Entered Level 2 of the Orcish Mines
 17124 | Orc:2    | Found a staircase to the Elven Halls.
 17685 | Orc:1    | Received a gift from Okawaru
 17936 | Orc:2    | Found Plog's Gadget Shop.
 18139 | Orc:1    | Reached skill level 10 in Fighting
 18245 | Orc:1    | Received a gift from Okawaru
 18329 | Orc:2    | Gained mutation: Your large and strong wings let you fly
                  | indefinitely. [Gargoyle growth]
 18329 | Orc:2    | Reached XP level 14. HP: 70/88 MP: 16/16
 18410 | Orc:1    | Got an ivory lajatang {god gift}
 18435 | Orc:2    | Reached skill level 5 in Long Blades
 18522 | Orc:2    | Reached skill level 5 in Dodging
 18728 | Orc:2    | Found Hoqoefuck's Book Emporium.
 18729 | Orc:2    | Found Woigudotu's General Store.
 18729 | Orc:2    | Found Idenup's Armour Shoppe.
 18751 | Orc:2    | Bought a +3 plate armour of fire resistance for 585 gold
                  | pieces
 19804 | D:10     | Entered Level 10 of the Dungeon
 19862 | D:9      | Identified a scroll of acquirement
 20005 | D:10     | Received a gift from Okawaru
 20128 | D:10     | Noticed Harold
 20148 | D:10     | Killed Harold
 20248 | D:10     | Found Hiq Sav's Magic Scroll Shoppe.
 20248 | D:10     | Noticed Joseph
 20277 | D:10     | Killed Joseph
 20375 | D:10     | Bought a scroll of teleportation for 45 gold pieces
 20375 | D:10     | Bought a scroll of identify for 30 gold pieces
 20375 | D:10     | Bought a scroll of teleportation for 45 gold pieces
 20375 | D:10     | Bought a scroll of identify for 30 gold pieces
 20375 | D:10     | Bought a scroll of teleportation for 45 gold pieces
 20375 | D:10     | Bought a scroll of identify for 30 gold pieces
 20775 | D:10     | Noticed Psyche
 20779 | D:10     | Paralysed by Psyche for 6 turns
 20784 | D:10     | Cast into level 2 of the Abyss (Psyche)
 20933 | Abyss:2  | Gained mutation: Your spells are a little harder to cast,
                  | but a little more powerful. [a neqoxec]
 20935 | Abyss:2  | Gained mutation: You are clumsy. (Dex -2) [a neqoxec]
 20937 | Abyss:2  | Gained mutation: [Scrolls take you a little longer to
                  | read.] [a neqoxec]
 20938 | Abyss:2  | Gained mutation: Your body sometimes deteriorates upon
                  | taking damage. [a neqoxec]
 20949 | Abyss:2  | Received a gift from Okawaru
 20955 | Abyss:2  | Gained mutation: You are very clumsy. (Dex -4) [a neqoxec]
 20999 | Abyss:2  | Noticed a tentacled monstrosity
 21033 | Abyss:2  | Killed a tentacled monstrosity
 21083 | Abyss:2  | Noticed a bone dragon
 21118 | Abyss:2  | Noticed a starcursed mass
 21119 | Abyss:2  | Noticed a starcursed mass
 21125 | Abyss:2  | Noticed a bone dragon
 21128 | Abyss:2  | Noticed a starcursed mass
 21168 | Abyss:2  | Paralysed by accursed screaming for 2 turns
 21179 | Abyss:2  | Noticed a tentacled starspawn
 21531 | Abyss:2  | Noticed a hellephant
 21532 | Abyss:2  | Noticed a reaper
 21534 | Abyss:2  | Noticed a balrug
 21535 | Abyss:2  | Noticed a tentacled starspawn
 21538 | Abyss:3  | Found a corrupted altar of Lugonu.
 21556 | Abyss:3  | Noticed a lorocyproca
 21584 | Abyss:3  | Killed a lorocyproca
 21588 | D:10     | Escaped the Abyss
 21602 | D:10     | Killed Psyche
 21821 | D:10     | Reached XP level 15. HP: 81/93 MP: 17/17
 22000 | D:11     | Reached skill level 10 in Long Blades
 22478 | D:11     | Received a gift from Okawaru
 23829 | D:13     | Got a crystal quick blade
 23830 | D:13     | Identified the +4 quick blade "Cehuul" {pierce, *Slow rF-
                  | Int+8 Stlth+} (You acquired it on level 13 of the Dungeon)
 24506 | D:14     | Noticed Agnes
 24534 | D:14     | Killed Agnes
 24557 | D:14     | Noticed Roxanne
 24715 | D:14     | Found Orenages's Food Boutique.
 24829 | D:14     | Found Zowaluxt's General Store.
 24834 | D:14     | Bought a scroll of identify for 32 gold pieces
 24903 | D:14     | Received a gift from Okawaru
 24927 | D:14     | Found a gate to the Vaults.
 25059 | D:14     | Found Saoweh's Book Boutique.
 25351 | D:15     | Entered Level 15 of the Dungeon
 25583 | D:15     | Paralysed by a floating eye for 3 turns
 25639 | D:15     | Found a staircase to the Depths.
 25746 | D:15     | Reached XP level 16. HP: 100/100 MP: 18/18
 25806 | D:15     | Noticed Louise
 25817 | D:15     | Cast into level 3 of the Abyss (Louise)
 25836 | Abyss:3  | Noticed a tentacled starspawn
 25879 | Abyss:3  | Found a corrupted altar of Lugonu.
 25997 | Abyss:4  | Noticed a tentacled starspawn
 26007 | Abyss:4  | Killed a tentacled starspawn
 26007 | Abyss:4  | Received a gift from Okawaru
 26022 | Abyss:4  | Noticed a tentacled starspawn
 26032 | Abyss:4  | Noticed a bone dragon
 26039 | Abyss:4  | Noticed a tentacled starspawn
 26053 | Abyss:4  | Noticed a tentacled starspawn
 26100 | Abyss:4  | Noticed a tentacled starspawn
 26114 | Abyss:4  | Killed a tentacled starspawn
 26153 | Abyss:4  | Paralysed by accursed screaming for 1 turns
 26233 | Abyss:4  | HP: 4/80 [crystal wall collision (7)]
 26239 | Abyss:4  | HP: 1/80 [raiju/living lightning (2)]
 26249 | D:15     | Escaped the Abyss
 26250 | D:15     | Gained mutation: [You are often teleported next to
                  | monsters.] [a neqoxec]
 26255 | D:15     | Gained mutation: [You are weak. (Str -2)] [a neqoxec]
 26407 | D:15     | Gained mutation: [You occasionally shout uncontrollably at
                  | your foes.] [a neqoxec]
 26418 | D:15     | Killed Louise
 26418 | D:15     | Reached skill level 16 in Shields
 26419 | D:15     | Gained mutation: Your body often deteriorates upon taking
                  | damage. [a neqoxec]
 26420 | D:15     | Gained mutation: [You are extremely frail. (-30% HP)] [a
                  | neqoxec]
 27380 | Snake:1  | Entered Level 1 of the Snake Pit
 27504 | Snake:1  | Noticed Asterion
 27508 | Snake:1  | Noticed an Executioner
 27675 | Slime:1  | Entered Level 1 of the Pits of Slime
 27675 | Slime:1  | Noticed an azure jelly
 27801 | Lair:6   | Entered Level 6 of the Lair of Beasts
 28180 | Lair:6   | Received a gift from Okawaru
 28684 | Lair:6   | Found a runed translucent door.
 29100 | Shoals:1 | Entered Level 1 of the Shoals
 29110 | Shoals:1 | Found Rublohi's Antique Armour Shop.
 29311 | Shoals:1 | Got a jewelled rapier
 29312 | Shoals:1 | Identified the +11 rapier of the Tent {flame, Str+2} (You
                  | found it on level 1 of the Shoals)
 29348 | Shoals:1 | Received a gift from Okawaru
 29369 | Shoals:1 | Reached skill level 17 in Shields
 29539 | Shoals:1 | Bought a fine plate armour for 728 gold pieces
 29554 | Shoals:1 | Identified the +3 plate armour "Omniaguch" {rElec Int-5
                  | Dex+4} (You bought it in a shop on level 1 of the Shoals)
 29652 | Shoals:1 | Reached skill level 10 in Short Blades
 29852 | Shoals:1 | Reached XP level 17. HP: 94/94 MP: 19/19
 29988 | Shoals:2 | Noticed Aizul
 30008 | Shoals:2 | Killed Aizul
 30419 | Shoals:2 | Noticed Polyphemus
 30425 | Shoals:2 | Received a gift from Okawaru
 30446 | Shoals:2 | Killed Polyphemus
 30480 | Shoals:2 | Received a gift from Okawaru
 31106 | Shoals:3 | Noticed a kraken
 31143 | Shoals:3 | Killed a kraken
 31335 | Shoals:3 | Reached skill level 18 in Shields
 32056 | Shoals:4 | Entered Level 4 of the Shoals
 32062 | Shoals:4 | Noticed a kraken
 32108 | Shoals:4 | Received a gift from Okawaru
 32132 | Shoals:4 | Killed a kraken
 32467 | Shoals:4 | Reached XP level 18. HP: 66/100 MP: 18/20
 32770 | Shoals:4 | Got a barnacled rune of Zot
 32874 | Shoals:4 | Received a gift from Okawaru
 33112 | Shoals:4 | Reached skill level 19 in Shields
 33261 | Shoals:4 | Found the +7 captain's cutlass {speed, disarm}
 33464 | Shoals:4 | Received a gift from Okawaru
 34392 | Shoals:3 | Upgraded the game from 0.25-a0-265-g7af84ae to
                  | 0.25-a0-277-g7046ed1
 34499 | Lair:4   | Gained mutation: [You are dopey. (Int -2)] [a cacodemon]
 34533 | Lair:4   | Killed Asterion
 35722 | Snake:2  | Found a large runed translucent door.
 35722 | Snake:2  | Found a large runed translucent door.
 35726 | Snake:2  | Noticed Qitosk's ghost (adept NaVM)
 36118 | Snake:3  | Reached skill level 20 in Shields
 36377 | Snake:3  | Received a gift from Okawaru
 36431 | Snake:3  | Got an ichor-stained shield {god gift}
 36434 | Snake:3  | Identified the -5 shield of Sovereignty {*Slow rElec Regen+
                  | SInv} (Okawaru gifted it to you on level 3 of the Snake
                  | Pit)
 36776 | Snake:3  | Noticed Vashnia
 36824 | Snake:3  | Killed Vashnia
 36824 | Snake:3  | Reached XP level 19. HP: 78/106 MP: 19/21
 37167 | Snake:4  | Entered Level 4 of the Snake Pit
 37400 | Snake:4  | Reached skill level 21 in Shields
 37547 | Snake:4  | Noticed Nikola
 37579 | Snake:4  | Killed Nikola
 37926 | Snake:4  | Received a gift from Okawaru
 37983 | Snake:4  | Reached skill level 1 in Spellcasting
 38136 | Snake:4  | Noticed Kirke
 38160 | Snake:4  | Killed Kirke
 38403 | Snake:4  | Received a gift from Okawaru
 38429 | Snake:4  | Got a serpentine rune of Zot
 38899 | Temple   | Fell from the grace of Okawaru
 38899 | Temple   | Became a worshipper of the Shining One
 39006 | Elf:1    | Entered Level 1 of the Elven Halls
 39029 | Elf:1    | Reached skill level 22 in Shields
 39098 | Elf:1    | Found a shimmering blue altar of Sif Muna.
 39314 | Elf:1    | Found Soarch's Armour Emporium.
 39479 | Elf:1    | Found Boxuqeh's Gadget Shop.
 39480 | Elf:1    | Found Lufodugu's Jewellery Emporium.
 39480 | Elf:1    | Found Bicojul's Jewellery Emporium.
 39490 | Elf:1    | Bought a +6 amulet of reflection for 877 gold pieces
 39490 | Elf:1    | Bought the ring of Zopitaf {AC+4 Slay+3} for 834 gold
                  | pieces
 39505 | Elf:1    | Bought a +4 ring of strength for 432 gold pieces
 39852 | Elf:1    | Reached * piety under the Shining One
 39873 | Elf:1    | Reached XP level 20. HP: 111/111 MP: 23/23
 40657 | Elf:1    | Found a runed translucent gate.
 40657 | Elf:1    | Found a runed translucent gate.
 40657 | Elf:1    | Found a runed translucent gate.
 40657 | Elf:1    | Found a runed translucent gate.
 40657 | Elf:1    | Found a runed translucent gate.
 40664 | Elf:1    | Found a runed translucent gate.
 40670 | Elf:1    | Reached skill level 10 in Dodging
 41008 | Elf:2    | Found Jeittek's Jewellery Shop.
 41096 | Elf:2    | Reached ** piety under the Shining One
 41436 | Elf:2    | Found a huge runed translucent gate.
 41436 | Elf:2    | Found a huge runed translucent gate.
 41436 | Elf:2    | Found a huge runed translucent gate.
 41436 | Elf:2    | Found a huge runed translucent gate.
 41438 | Elf:2    | Found a huge runed translucent gate.
 41751 | Elf:2    | Reached skill level 1 in Invocations
 42311 | Elf:2    | Reached skill level 23 in Shields
 42504 | Elf:3    | Entered Level 3 of the Elven Halls
 43310 | Elf:3    | Noticed a Tzitzimitl
 43323 | Elf:3    | Found Weolufat's Antique Weapon Emporium.
 43323 | Elf:3    | Found Afoblipn's Jewellery Shoppe.
 43323 | Elf:3    | Found Keomuwim's Book Shop.
 43420 | Elf:3    | Identified the +7 dire flail of Blood-Lust {freeze, rN++
                  | Str+3}
 43420 | Elf:3    | Identified the cursed +0 robe "Vadoopla" {+Blink MR+ Int+2
                  | Dex-5}
 43420 | Elf:3    | Reached *** piety under the Shining One
 43451 | Elf:3    | Cast into level 2 of the Abyss (a deep elf demonologist)
 43649 | Abyss:2  | Found a sacrificial altar of Ru.
 43657 | Elf:3    | Escaped the Abyss
 43683 | Elf:3    | Identified the ring of Lealaqok {rElec rF+ MR+ rCorr}
 43833 | Elf:3    | Identified the ring of Ejabbied {*Tele SInv}
 43834 | Elf:3    | Identified the ring "Hogilitua" {rF+ AC+4 Int+3}
 43839 | Elf:3    | Reached XP level 21. HP: 92/117 MP: 27/27
 43850 | Elf:3    | Identified the +3 dagger of Slime {pain, -Tele rPois rN++}
 43880 | Elf:3    | Identified the Papyrus of Displacement
 43884 | Elf:3    | Cast into level 2 of the Abyss (a deep elf sorcerer)
 43970 | Elf:3    | Escaped the Abyss
 44057 | Elf:3    | Cast into level 3 of the Abyss (a deep elf demonologist)
 44058 | Abyss:3  | Reached **** piety under the Shining One
 44156 | Abyss:3  | Found a shimmering blue altar of Sif Muna.
 44189 | Abyss:3  | HP: 3/91 [hellion/damnation (21)]
 44499 | Abyss:3  | Reached ***** piety under the Shining One
 44502 | Abyss:3  | Paralysed by a great orb of eyes for 7 turns
 44532 | Elf:3    | Escaped the Abyss
 44546 | Elf:3    | Identified the +9 spear "Toleg" {pierce, rElec rF+ Str-5
                  | Int+3}
 44550 | Elf:3    | Cast into level 2 of the Abyss (a deep elf sorcerer)
 44608 | Abyss:2  | Noticed a bone dragon
 44637 | Abyss:2  | Killed a bone dragon
 44824 | Abyss:2  | Reached skill level 24 in Shields
 45294 | Abyss:2  | Reached skill level 5 in Spellcasting
 45332 | Abyss:2  | Noticed a bone dragon
 45360 | Abyss:2  | Killed a bone dragon
 45535 | Abyss:2  | Killed from afar by a wretched star

Levels and vault maps discovered:
D:1:      erik_arrival_cave_to_civilisation [erik_arrival_cave_to_hall],
          layout_basic
D:2:      layout_loops_ring, first_ration
D:3:      layout_rooms, nicolae_overflow_crystal_walls, uniq_grinder,
          uniq_jessica
D:4:      layout_loops_cross, zin_treasury, dk_noncrumbling_2, grunt_decor_cap,
          goddamned_bats
D:5:      layout_basic, lemuel_coloured_pillars_altar
D:6:      layout_loops_ring, kennysheep_little_box,
          yredelemnul_forgotten_temple_becter
D:7:      layout_gridville, kennysheep_mini, minmay_temple_entry_steel_oval,
          the_bakery, serial_bayou_crossing, uniq_pikel
D:8:      layout_basic, nicolae_ru_great_annihilating_truth,
          fedhas_ov_isle_minmay
D:9:      layout_basic, general_overflow_altar, due_lair_maze_entry_diamond,
          orc_0_dummy
D:10:     minmay_bloctagon, layout_irregular_city, kennysheep_windowed_goal,
          uniq_joseph, uniq_harold, uniq_psyche
D:11:     minmay_ambush_box, layout_irregular_city
D:12:     layout_loops_ring
D:13:     layout_grid_maze
D:14:     layout_stronghold, david_vaults_1, chequers_serial_rivers_micro_c,
          serial_shops, shop, shop, shop, uniq_agnes, uniq_roxanne
D:15:     gammafunk_enter_depths_forms, layout_cave_pools,
          minmay_misc_feat_rows, minmay_unpleasant_kobolds, uniq_louise
Temple:   cyrus_circular_temple
Lair:1:   layout_chaotic_city, columned_hall_lemuel, lemuel_fruit_fields,
          infiniplex_staircase_pool, minmay_lair_oklob_chamber,
          lemuel_fruit_tree
Lair:2:   layout_chaotic_city, grunt_megastairs_5
Lair:3:   layout_chaotic_city, elwin_shoals_entry_rocks, roderic_batcave,
          grunt_megastairs_1
Lair:4:   layout_small_grid, minmay_snake_entry_guardpost_small,
          grunt_megastairs_2
Lair:5:   layout_small_grid, slime_altar_1, minmay_shattered_shrine, uniq_urug
Lair:6:   wormcave, layout_big_grid
Shoals:1: layout_shoals, serial_shops, nicolae_shop_statue_plus, st_cyclops
Shoals:2: layout_shoals, uniq_polyphemus, uniq_aizul
Shoals:3: layout_shoals
Shoals:4: shoals_end_hangedman, layout_shoals
Snake:1:  layout_honeycomb, uniq_asterion
Snake:2:  layout_basic, ebering_ghost_disaster_area
Snake:3:  layout_layer_cave, grunt_megastairs_4, uniq_vashnia
Snake:4:  johnstein_snake_rune_scales, layout_misc_corridors,
          hangedman_snake_thin_pillar_pass, guppyfry_library_mini,
          grunt_megastairs_3, uniq_nikola, uniq_kirke
Slime:1:  layout_caves
Slime:2:  layout_caves, cheibrodos_slime_lost_civilization_4
Orc:1:    layout_caves, special_room [special_room_kobold],
          nicolae_orc_pool_cavern
Orc:2:    st_orc_open, layout_diamond_mine
Elf:1:    layout_loops_corners, serial_shops, shop, basic_altar, orc_legates,
          minmay_curled_crystal, minmay_shop_grove
Elf:2:    layout_loops_cross, serial_shops, shop, nicolae_elf_w_pinch
Elf:3:    grunt_elf_hall_spiral, layout_geoelf_octagon, serial_shops, shop,
          shop, shop, nicolae_shop_waterfront, shop, minivault_20
Abyss:2:  base: Temple, hangedman_classic_abyss_death, minivault_28, base:
          Zot:5, abyss_fake_exit, base: Slime:1, grunt_abyss_exit_deep_breaths,
          base: Depths:5, abyss_greek_temple, abyss_greek_temple,
          hangedman_abyss_or_decor_lesser_grid

Skill      XL: |  1  2  3  4  5  6  7  8  9 10 11 12 13 14 15 16 17 18 19 20 21 |
---------------+----------------------------------------------------------------+-----
Long Blades    | 2 4 9 11 13 | 13.1
Shields        | 4 5 6 7 9 11 13 15 17 18 20 22 23 24 | 24.2
Armour         | 4 5 6 8 10 12 13 14 | 14.2
Short Blades   | 2 3 4 6 8 9 10 11 | 11.6
Dodging        | 1 2 3 4 6 7 8 9 10 | 10.6
Fighting       | 4 5 7 8 10 11 12 13 | 13.8
Evocations     | 1 2 3 |  3.0
Spellcasting   | 2 4 5 |  5.1
Invocations    | 3 4 |  4.8

Action                   |  1- 3 |  4- 6 |  7- 9 | 10-12 | 13-15 | 16-18 | 19-21 || total
-------------------------+-------+-------+-------+-------+-------+-------+-------++-------
Melee: Long sword        |    83 |       |       |       |   393 |    10 |       ||   486
       Short sword       |    39 |     7 |       |       |       |       |       ||    46
       Dagger            |       |   168 |   959 |  2061 |  1652 |       |       ||  4840
       Kick              |       |       |       |   382 |    11 |       |       ||   393
       Scimitar          |       |       |       |       |  1036 |       |       ||  1036
       Demon blade       |       |       |       |       |   226 |   109 |       ||   335
       Double sword      |       |       |       |       |       |   557 |       ||   557
       Rapier            |       |       |       |       |       |  1614 |  2357 ||  3971
Throw: Boomerang         |    11 |    23 |    93 |   200 |   503 |    88 |       ||   918
       Javelin           |       |       |       |       |    64 |    23 |       ||    87
Invok: Heroism           |       |       |       |       |     3 |     6 |     1 ||    10
       Divine Shield     |       |       |       |       |       |       |     8 ||     8
Evoke: Wand              |       |       |       |    23 |     2 |     1 |       ||    26
  Use: Scroll            |     3 |     2 |     2 |     8 |    29 |    28 |    15 ||    87
       Potion            |       |     1 |     1 |    13 |    10 |     7 |     5 ||    37
 Stab: Paralysed         |       |       |       |       |     3 |       |       ||     3
       Invisible         |       |       |       |       |       |    10 |       ||    10
       Petrified         |       |       |       |       |       |     5 |       ||     5
       Petrifying        |       |       |       |       |       |     2 |       ||     2
  Eat: Chunk             |     1 |     3 |     6 |    17 |    20 |    11 |     9 ||    67
       Ration            |       |       |     4 |     2 |     9 |     8 |     6 ||    29
Armor: Scale mail        |    69 |    66 |   184 |       |       |       |       ||   319
       Plate armour      |       |       |    58 |   542 |  1678 |  1365 |   605 ||  4248
Dodge: Dodged            |    44 |    35 |   164 |   266 |   932 |   580 |   261 ||  2282
Block: Shield            |    64 |    54 |   271 |   693 |  1815 |       |       ||  2897
       Large shield      |       |       |       |       |   370 |  2852 |  2408 ||  5630
       Reflection        |       |       |       |       |       |       |   142 ||   142
       Rpst.: Long sword |    14 |       |       |       |    43 |       |       ||    57
       Scimitar          |       |       |       |       |    86 |       |       ||    86
       Demon blade       |       |       |       |       |     5 |     3 |       ||     8
       Double sword      |       |       |       |       |       |    24 |       ||    24

Table legend:
 A = Non-vault XP
 B = Vault XP
 C = Vault XP percentage of total XP
 D = Non-vault monster count
 E = Vault monster count
 F = Vault count percentage of total count
                 A         B        C        D         E       F
            +---------+---------+-------+---------+---------+-------
      Total |  326414 |  218087 |  40.1 |    1032 |     402 |  28.0
            +---------+---------+-------+---------+---------+-------
        D:1 |      36 |       2 |   5.3 |      24 |       2 |   7.7
        D:2 |      46 |       0 |   0.0 |       8 |       0 |   0.0
        D:3 |      89 |     314 |  77.9 |      14 |       2 |  12.5
        D:4 |     552 |     180 |  24.6 |      29 |      20 |  40.8
        D:5 |     860 |       0 |   0.0 |      31 |       0 |   0.0
        D:6 |     872 |       1 |   0.1 |      17 |       1 |   5.6
        D:7 |    2494 |     865 |  25.8 |      41 |       2 |   4.7
        D:8 |    1070 |     143 |  11.8 |      25 |       5 |  16.7
        D:9 |    2208 |     978 |  30.7 |      15 |       8 |  34.8
       D:10 |    4307 |    7477 |  63.5 |      22 |      24 |  52.2
       D:11 |    4895 |    1352 |  21.6 |      23 |       3 |  11.5
       D:12 |    4380 |       0 |   0.0 |      33 |       0 |   0.0
       D:13 |   11730 |       0 |   0.0 |      56 |       0 |   0.0
       D:14 |    5809 |    4258 |  42.3 |      17 |       5 |  22.7
       D:15 |   11839 |    5091 |  30.1 |      28 |      14 |  33.3
     Lair:1 |    3488 |     535 |  13.3 |      20 |       2 |   9.1
     Lair:2 |    2683 |     208 |   7.2 |      15 |       2 |  11.8
     Lair:3 |    9112 |    3562 |  28.1 |      41 |      15 |  26.8
     Lair:4 |    9206 |    3791 |  29.2 |      28 |       4 |  12.5
     Lair:5 |    2574 |    5580 |  68.4 |      13 |      12 |  48.0
     Lair:6 |   11862 |    7199 |  37.8 |      43 |      18 |  29.5
   Shoals:1 |    8767 |    2204 |  20.1 |      21 |       4 |  16.0
   Shoals:2 |   17910 |    8393 |  31.9 |      35 |       7 |  16.7
   Shoals:3 |   17870 |       0 |   0.0 |      33 |       0 |   0.0
   Shoals:4 |   17202 |   20865 |  54.8 |      37 |      30 |  44.8
    Snake:1 |    8953 |       0 |   0.0 |      16 |       0 |   0.0
    Snake:2 |   12556 |       0 |   0.0 |      26 |       0 |   0.0
    Snake:3 |   26316 |    9200 |  25.9 |      45 |       6 |  11.8
    Snake:4 |   16677 |   43228 |  72.2 |      33 |      75 |  69.4
      Orc:1 |    2882 |    4382 |  60.3 |      27 |      28 |  50.9
      Orc:2 |    1237 |   13020 |  91.3 |      18 |      31 |  63.3
      Elf:1 |   17356 |   12772 |  42.4 |      28 |      20 |  41.7
      Elf:2 |   10963 |   24885 |  69.4 |      21 |      29 |  58.0
      Elf:3 |   13211 |   36320 |  73.3 |      25 |      30 |  54.5
    Abyss:2 |   45144 |       0 |   0.0 |      93 |       0 |   0.0
    Abyss:3 |   13118 |    1109 |   7.8 |      21 |       2 |   8.7
    Abyss:4 |    6140 |     173 |   2.7 |      10 |       1 |   9.1
            +---------+---------+-------+---------+---------+-------
